 Dungeon Crawl Stone Soup version 0.30-a0-634-g8abc85282e (webtiles) character file.

Game seed: 6744105684077697151

399 wormed the Changer (level 6, -2/41 HPs)
             Began as an Octopode Transmuter on Jan 15, 2023.
             Was an Initiate of Ashenzari.
             Slain by a phantom (7 damage)
             ... on level 4 of the Dungeon.
             The game lasted 00:04:21 (2160 turns).

wormed the Changer (Octopode Transmuter)            Turns: 2160, Time: 00:04:22

Health: -2/41      AC: -7    Str: 10    XL:     6   Next: 84%
Magic:  8/10       EV: 13    Int: 17    God:    Ashenzari [......]
Gold:   113        SH:  0    Dex: 12    Spells: 7/10 levels left

rFire   . . .      SeeInvis .    n - +7 Throatcutter {drain, coup de grace}
rCold   . . .      Faith    .    (no shield)
rNeg    . . .      Spirit   .    (helmet restricted)
rPois   .          Reflect  .    (no amulet)
rElec   .          Harm     .    (no ring)
rCorr   .          Rampage  .    (no ring)
Will    .....                    (no ring)
Stlth   ++                       (no ring)
HPRegen 0.26/turn                (no ring)
MPRegen 0.12/turn                (no ring)
                                 (no ring)
                                 (no ring)

@: wereblooded, corroded
A: almost no armour, amphibious, 8 rings, camouflage 1, gelatinous body 1,
(nimble swimmer 1), tentacles
a: Renounce Religion, Curse Item


You were on level 4 of the Dungeon.
You worshipped Ashenzari.
Ashenzari was noncommittal.
You visited 1 branch of the dungeon, and saw 5 of its levels.

You collected 113 gold pieces.

Inventory:

Hand Weapons
 n - the +7 Throatcutter (weapon) {drain, coup de grace}
   (You found it on level 3 of the Dungeon)
Wands
 a - a wand of mindburst (4)
 c - a wand of flame (11)
Scrolls
 b - 4 scrolls of identify {unknown}
 e - a scroll of enchant weapon {unknown}
 f - a scroll of fear {unknown}
 g - 2 scrolls of amnesia {unknown}
 h - a scroll of brand weapon {unknown}
 i - a scroll of vulnerability {unknown}
 j - 2 scrolls of immolation {unknown}
 k - a scroll of magic mapping {unknown}
 m - a scroll of blinking {unknown}
 o - 2 scrolls of enchant armour {unknown}
 p - a scroll of poison {unknown}
 q - a scroll of noise {unknown}
Potions
 d - a potion of degeneration {unknown}
 l - a potion of might {unknown}


   Skills:
 + Level 2.6 Fighting
 + Level 3.2 Dodging
 + Level 3.8 Unarmed Combat
 + Level 2.9 Spellcasting
 * Level 4.1 Transmutations
 + Level 2.1 Ice Magic


You had 7 spell levels left.
You knew the following spells:

 Your Spells              Type           Power      Damage    Failure   Level
a - Beastly Appendage     Tmut           32%        N/A       3%          1
b - Wereblood             Tmut           16%        N/A       4%          2

Your spell library contained the following spells:

 Spells                   Type           Power      Damage    Failure   Level
 Spider Form              Tmut/Pois      9%         N/A       22%         3
 Ice Form                 Ice/Tmut       13%        N/A       43%         4
 Inner Flame              Hex/Fire       2%         N/A       47%         3
 Cause Fear               Hex            1%         N/A       87%         4
 Discord                  Hex            1%         N/A       100%        8


Dungeon Overview and Level Annotations

Branches:
Dungeon (5/15)
 Temple: D:4-7

Altars:
Ashenzari

Annotations:
D:4 3 runed translucent doors


Innate Abilities, Weirdness & Mutations

You cannot wear most types of armour.
You are amphibious.
You can wear up to eight rings at the same time.
Your skin changes colour to match your surroundings (Stealth+).
Your rubbery body absorbs attacks. (AC +1, EV +1)
((You are camouflaged when in or above water. (Stealth+)))
You have tentacles for arms and can constrict up to eight enemies at once.


Message History

Your Ice Magic skill increases to level 2!
A ball python comes into view.
A ball python is nearby!
The ball python hisses angrily.
You closely miss the ball python. Your grab misses the ball python.
You squeeze the ball python.
You kill the ball python!
No target in view!
No target in view!
A jelly comes into view.
A jelly is nearby!
A hound comes into view.
Found 6 gold pieces.
The hound barks!
You barely miss the hound. You grab the hound. Your squeeze misses the hound.
You constrict the hound. The hound completely misses you. The hound misses you.
You barely miss the hound.
The hound is lightly wounded.
You constrict the hound, but do no damage.
The hound misses you. The hound closely misses you.
The jelly quivers.
You hit the hound.
The hound is moderately wounded.
You constrict the hound. The hound barely misses you.
The jelly barely misses you. The hound closely misses you.
An ice beast comes into view.
The jelly hits you but does no damage.
You slash the hound!
You behead the hound!
You kill the hound!
The jelly hits you. The acid corrodes you!
You are splashed with acid!
Casting: Wereblood (safe; 4% risk of failure)
Confirm with . or Enter, or press ? or * to list all spells.
Your blood is infused with primal strength.
The jelly hits you.
You are splashed with acid!
The phantom misses you.
You hit the jelly.
Your tentacles burn!
The jelly is lightly wounded.
The jelly hits you. The acid corrodes you!
You are splashed with acid!
* * * LOW HITPOINT WARNING * * *
The phantom closely misses you. The phantom hits you!
You die...

#.###..W# #..# ......
....# #...#
............# ##..# #
...#.#.###.####..# #.
.............##..# ..
.?#.#.# #.#.##..# #.
#...# #.#.##..#
#.#$Y#...####.#.##..###
#....W@#...##.#........
#.##.#J..#......##..###
#.................(....
...J....#.#####.#######
##.##.####.# #.# # ...
..# #.# ###. #### #.# #
..# ###


You could see an ice beast, a phantom and a jelly.

Vanquished Creatures
  A black bear (D:4)
  A scorpion (D:4)
  A hound (D:4)
  Ijyb (D:3)
  An iguana (D:4)
  Robin (D:2)
  4 gnolls (D:3)
  4 adders
  A worm (D:4)
  2 dart slugs (D:3)
  4 ball pythons
  9 endoplasms
  2 giant cockroaches (D:1)
  15 goblins
  9 hobgoblins
  8 jackals
  2 quokkas
  A bat (D:1)
  2 frilled lizards (D:1)
  2 kobolds (D:1)
  4 rats
75 creatures vanquished.

Vanquished Creatures (others)
  7 plants (D:3)
7 creatures vanquished.

Grand Total: 82 creatures vanquished

Notes
Turn   | Place    | Note
-------+----------+-------------------------------------------
     0 | D:1      | wormed the Octopode Transmuter began the quest for the Orb.
     0 | D:1      | Reached XP level 1. HP: 13/13 MP: 3/3
    96 | D:1      | Reached XP level 2. HP: 12/18 MP: 3/5
   158 | D:1      | Learned a level 2 spell: Wereblood
   447 | D:1      | Found a faded altar of an unknown god.
   463 | D:1      | Reached XP level 3. HP: 21/23 MP: 2/6
   577 | D:1      | Prayed at the altar of an unknown god.
   577 | D:1      | Became a worshipper of Ashenzari the Shackled
   905 | D:2      | Noticed Robin
   909 | D:2      | Killed Robin
   910 | D:2      | Reached skill level 1 in Ice Magic
   910 | D:2      | Reached XP level 4. HP: 28/28 MP: 4/7
   916 | D:2      | Reached skill level 3 in Transmutations
  1212 | D:3      | Noticed Ijyb
  1226 | D:3      | Killed Ijyb
  1227 | D:3      | Reached XP level 5. HP: 6/34 MP: 8/8
  1491 | D:3      | Found the +7 Throatcutter {drain, coup de grace}
  1759 | D:4      | HP: 1/34 [poisoned by an adder]
  1891 | D:4      | Noticed a phantom
  1901 | D:5      | Entered Level 5 of the Dungeon
  1963 | D:4      | Found a runed translucent gate.
  1963 | D:4      | Found a runed translucent gate.
  1964 | D:4      | Found a runed translucent gate.
  1971 | D:4      | Reached XP level 6. HP: 41/41 MP: 8/10
  2114 | D:4      | Noticed a black bear
  2118 | D:4      | Killed a black bear
  2119 | D:4      | Reached skill level 4 in Transmutations
  2157 | D:4      | Noticed an ice beast
  2160 | D:4      | Slain by a phantom

Illustrated notes

Levels and vault maps discovered:
D:1:      dpeg_arrival_orchard, layout_basic, hellmonk_ecumenical_altar_run_dry,
          dk_noncrumbling_3
D:2:      layout_loops_ring, basic_altar, minivault_27,
          kennysheep_generic_room_13, uniq_robin
D:3:      kennysheep_slugbush, layout_loops_ring, serial_bayou_lagoon_a,
          uniq_ijyb
D:4:      layout_loops_ring, minmay_temple_entry_glassed_door,
          gammafunk_ghost_necromancy, serial_shops,
          nicolae_shop_overgrown_old_shop
D:5:      layout_basic, minmay_misc_feat_iff, uniq_pikel

Skill      XL: |  1  2  3  4  5  6 |
---------------+-------------------+-----
Ice Magic      | 1 2 |  2.1
Transmutations | 3 4 |  4.1
Fighting       | 2 |  2.6
Dodging        | 3 |  3.2
Unarmed Combat | |  3.8
Spellcasting   | |  2.9

Action                   |  1- 3 |  4- 6 || total
-------------------------+-------+-------++-------
Melee: Unarmed           |    58 |    53 ||   111
       Constrict         |    23 |    14 ||    37
       Tentacles         |    13 |     6 ||    19
       Kick              |     9 |     7 ||    16
       Punch             |     1 |     1 ||     2
       Long sword        |       |    37 ||    37
 Cast: Beastly Appendage |    11 |     7 ||    18
       Wereblood         |    10 |     6 ||    16
  Use: Potion            |       |     3 ||     3
 Stab: Sleeping          |     3 |     5 ||     8
Armor: Skin              |     3 |    14 ||    17
Dodge: Dodged            |    30 |    58 ||    88

Table legend: (Time is in decaauts)
 A = Elapsed time spent in this place.
 B = Non-inter-level travel time spent in this place.
 C = Inter-level travel time spent in this place.
 D = Time resting spent in this place.
 E = Time spent auto-exploring this place.
 F = Levels seen in this place.
 G = Mean time per level.
                   A        B        C        D        E       F      G
               +--------+--------+--------+--------+--------+-----+--------+
         Total |   2166 |   2155 |     11 |      0 |   1612 |   5 |  433.2 |
       Dungeon |   2166 |   2155 |     11 |      0 |   1612 |   5 |  433.2 |
               +--------+--------+--------+--------+--------+-----+--------+

Top non-repeatable levels by time:
     D:1: 785 daAuts
     D:3: 574 daAuts
     D:4: 403 daAuts
     D:2: 388 daAuts
     D:5: 14 daAuts
